 Dungeon Crawl Stone Soup version 0.31.0-32-g396128a36d (webtiles) character file.

Game seed: 17984931972030036954

189387 Valrug the Metallomancer (level 17, -10/128 HPs)
             Began as a Demonspawn Alchemist on Apr 10, 2024.
             Was an Initiate of Gozag.
             Mangled by a +1 scimitar of holy wrath (17 damage)
             ... on level 2 of the Elven Halls on Apr 16, 2024.
             The game lasted 02:06:21 (57867 turns).

Valrug the Metallomancer (Demonspawn Alchemist)    Turns: 57867, Time: 02:06:21

Health: -10/128    AC: 16    Str:  8    XL:     17   Next: 94%
Magic:  0/38       EV: 18    Int: 21    God:    Gozag
Gold:   815        SH:  0    Dex: 17    Spells: 8/50 levels left

rFire   + . .        a - staff of earth
rCold   + . .        (no shield)
rNeg    + . .        e - +2 robe {rC+ rF+}
rPois   +            s - +0 helmet
rElec   .            N - +0 cloak {rPois}
rCorr   .            v - +0 pair of gloves
SInv    .            (no boots)
Will    ++++.        D - amulet of the Four Winds {rN+ Will+++ Clar}
Stlth   ++           x - ring of wizardry
HPRegen 0.41/turn    B - ring of wizardry
MPRegen 0.52/turn

%: clarity, guardian spirit, wizardry (x2)
@: lethally poisoned (-10 -> -28), sanguine armoured, studying Dodging
A: claws 2, powered by death 2, magic shield, magic regeneration, sanguine
armour 2
a: Renounce Religion, Potion Petition, Call Merchant, Bribe Branch


You were on level 2 of the Elven Halls.
You worshipped Gozag.
Gozag was pleased with you.
You visited 6 branches of the dungeon, and saw 29 of its levels.
You also visited: Bailey.

You collected 8376 gold pieces.
You spent 3104 gold pieces at shops.
You paid 4457 gold pieces to Gozag.

Inventory:

Hand Weapons
 b - a +1 demon whip of venom
 V - the +4 quarterstaff "Huap" {freeze, Will++}
   (You found it on level 5 of the Lair of Beasts)

   Will++:    It greatly increases your willpower.
Missiles
 h - 229 stones
 F - 31 boomerangs
 U - a throwing net
Armour
 e - a +2 robe of resistance (worn)
 s - a +0 helmet (worn)
 v - a +0 pair of gloves (worn)
 M - a scarf of harm
 N - a +0 cloak of poison resistance (worn)
Magical Staves
 a - a staff of earth (weapon)
Jewellery
 j - a ring of protection from fire
 o - an amulet of magic regeneration
 r - a ring of protection from fire
 x - a ring of wizardry (left hand)
 B - a ring of wizardry (right hand)
 D - the amulet of the Four Winds (around neck) {rN+ Will+++ Clar}
   (You bought it in a shop on level 2 of the Snake Pit)

   [amulet of nothing]

   rN+:       It protects you from negative energy.
   Will+++:   It greatly increases your willpower.
   Clar:      It protects you from confusion, rage, mesmerisation and fear.
 J - a ring of protection from cold
 K - the ring of Alac {rPois rC+ Str+3 SInv}
   (You found it on level 10 of the Dungeon)

   [ring of poison resistance]

   Str+3:     It affects your strength (+3).
   rC+:       It protects you from cold.
   rPois:     It protects you from poison SInv: It lets you see invisible.
 W - the ring of Qeumefiq {rPois rN+ MP+9}
   (You took it off a naga ritualist on level 2 of the Snake Pit)

   [ring of magical power]

   rPois:     It protects you from poison rN+: It protects you from negative
   energy.
   MP+9:      It affects your magic capacity (+9).
Wands
 q - a wand of flame (44)
 C - a wand of acid (12)
 G - a wand of digging (9)
 H - a wand of iceblast (34)
Scrolls
 d - 4 scrolls of teleportation
 f - 2 scrolls of silence
 i - a scroll of summoning
 l - a scroll of revelation
 m - 3 scrolls of poison
 n - 2 scrolls of fear
 w - 2 scrolls of immolation
 y - 5 scrolls of vulnerability
 z - 3 scrolls of enchant armour
 A - 4 scrolls of enchant weapon
 E - 4 scrolls of fog
 R - a scroll of torment
Potions
 c - 2 potions of mutation
 g - 2 potions of heal wounds
 k - 5 potions of enlightenment
 p - 5 potions of brilliance
 t - 4 potions of haste
 u - 9 potions of curing
 I - 5 potions of attraction
 L - 3 potions of berserk rage
 O - 2 potions of resistance {unknown}
 P - 2 potions of might
 Q - 2 potions of degeneration
 S - a potion of ambrosia
 X - 4 potions of invisibility
 Y - a potion of cancellation
 Z - 3 potions of lignification
Miscellaneous
 T - a tin of tremorstones (1/2)


   Skills:
 - Level 10.0 Fighting
 - Level 10.0 Dodging
 - Level 1.7 Stealth
 - Level 17.0 Spellcasting
 - Level 1.0 Conjurations
 - Level 3.0 Fire Magic
 + Level 21.6 Earth Magic
 - Level 7.0 Alchemy


You had 8 spell levels left.
You knew the following spells:

 Your Spells              Type           Power      Damage    Failure   Level
a - Sandblast             Erth           100%       2d20      0%          1
b - Stone Arrow           Conj/Erth      100%       3d13      1%          3
c - Mephitic Cloud        Conj/Alch/Air  29%        N/A       1%          3
d - Sticky Flame          Fire/Alch      38%        2d8       1%          4
e - Sting                 Conj/Alch      100%       1d9       1%          1
f - Mercury Vapours       Alch/Air       64%        N/A       1%          2
g - Bombard               Conj/Erth      39%        9d7       1%          6
h - Olgreb's Toxic Radia  Alch           47%        N/A       1%          4
i - Shatter               Erth           52%        3d39*     12%         9
j - Lee's Rapid Deconstr  Erth           52%        3d24*     0%          5
k - Animate Armour        Summ/Erth      100%       N/A       1%          4

Your spell library contained the following spells:

 Spells                   Type           Power      Damage    Failure   Level
 Passwall                 Erth           100%       N/A       0%          3
 Magic Dart               Conj           88%        1d7       1%          1
 Cigotuvi's Dreadful Rot  Necr/Alch/Air  54%        N/A       1%          2
 Lesser Beckoning         Tloc           34%        N/A       1%          2
 Searing Ray              Conj           44%        2d6       1%          2
 Brom's Barrelling Bould  Conj/Erth      78%        2d9       1%          4
 Fulminant Prism          Conj/Alch      17%        3d10      1%          4
 Ignite Poison            Fire/Alch      38%        N/A       1%          4
 Gell's Gravitas          Tloc           17%        N/A       2%          3
 Ozocubu's Armour         Ice            17%        N/A       2%          3
 Teleport Other           Tloc           17%        N/A       2%          3
 Dispel Undead            Necr           17%        3d10      9%          4
 Martyr's Knell           Necr/Summ      17%        N/A       9%          4
 Summon Lightning Spire   Summ/Air       17%        N/A       9%          4
 Metabolic Englaciation   Hex/Ice        8%         N/A       22%         5
 Sculpt Simulacrum        Ice/Alch       16%        N/A       28%         6
 Death Channel            Necr           8%         N/A       71%         6


Dungeon Overview and Level Annotations

Branches:
Dungeon (15/15) Zot: 23591  Temple (1/1) D:6 Zot: 5908    Lair (5/5) D:9 Zot: 17145
  Swamp (0/4) Lair:3        Snake (4/4) Lair:2 Zot: 10390   Slime (0/5) Lair:5
    Orc (2/2) D:10 Zot: 7813     Elf (2/3) Orc:2 Zot: 8720  Vaults (0/5) D:14
 Depths (0/4) D:15         Bailey (visited)

Altars:
Ashenzari
Cheibriados
Dithmenos
Fedhas
Gozag
Hepliaklqana
Kikubaaqudgha
Makhleb
Nemelex Xobeh
Okawaru
Qazlal
Ru
Sif Muna
Trog
Uskayaw
Vehumet
Wu Jian
Xom
Yredelemnul

Shops:
D:10 =[:*!   D:11 (   D:13 [   Orc:2 !*![   Elf:1 *   Lair:4 *=   Snake:2 ?=:=
Snake:3 [   Snake:4 (*[

Annotations:
D:10 exclusion: downstairs
D:11 exclusion: downstairs
D:13 2 transporters
D:14 Louise
Snake:2 exclusion: 2 downstairs
Snake:3 Vashnia
Elf:2 1 runed translucent door
Abyss:1 Sonja


Innate Abilities, Weirdness & Mutations

You have very sharp fingernails.
You regenerate health from kills.
When hurt, damage is shared between your health and your magic reserves.
You regenerate magic rapidly.
When seriously injured, your blood forms thick armour. (AC +9)


Message History

[c] - 252 gold - brilliance and magic Purchase which effect?
You no longer have enough gold to fund merchants seeking to open stores in the dungeon.
You feel much better.
You feel better.
You turn into a tree.
Your +0 cloak of poison resistance melds into your body.
Your +0 helmet melds into your body.
Your +0 pair of gloves melds into your body.
Your +2 robe of resistance melds into your body.
You no longer feel resistant to poison.
You feel hot and cold all over.
Your roots penetrate the ground.
You feel very mighty all of a sudden.
You feel protected.
Your blood armour dries and flakes away.
The +1 mace of venom hits you.
* * * LOW HITPOINT WARNING * * *
The +1 scimitar of holy wrath barely misses you.
The +1 mace of venom hits you!
* * * LOW HITPOINT WARNING * * *
You cannot move.
You cannot move.
Your magical effects are unravelling.
You feel magically purged.
You feel less wooden.
Your +0 cloak of poison resistance unmelds from your body.
Your +0 helmet unmelds from your body.
Your +0 pair of gloves unmelds from your body.
Your +2 robe of resistance unmelds from your body.
You feel resistant to poison.
You feel resistant to extremes of temperature.
Your blood congeals into armour.
You feel a little less mighty now.
Your resistance to elements expires.
The +1 scimitar of holy wrath hits you!
* * * LOW HITPOINT WARNING * * *
You convulse.
* * * LOW HITPOINT WARNING * * *
The +1 mace of venom hits you!
* * * LOW HITPOINT WARNING * * *
You are lethally poisoned!
The +1 scimitar of holy wrath hits you!
You die...
Your body crumbles into a pile of gold.

#.#.....(........#
.#..)..[/..#..#..#
.####.))#..#E.#^'##
...........#..#...#
###..#..[.....#...#
#.##.###.#.).#....#
#.[#..#.......#...#
.###.......#..#...#
#.####.####.###(@.#
...............(.>#
#.##.##.#.$$###...#
#'...##.#.#'####..#
...####.#.$§......#
....###.#§.(......#
....##...$........#
....'.$.#...e.....#
########..#######.#


You could see an earth elemental (wandering) and 2 dancing weapons.

Vanquished Creatures
  Aizul (Snake:2)
  Kirke (D:13)
  2 nagarajas
  A deep elf demonologist (Elf:2)
  Snorg (D:10)
  2 fire dragons
  An ogre mage (D:15)
  6 hydras
  2 rakshasas (D:15)
  A salamander tyrant (Snake:3)
  6 anacondas
  2 catoblepae
  11 centaur warriors
  3 boulder beetles
  20 dancing weapons
  8 two-headed ogres
  Erica (D:9)
  9 naga warriors
  3 orc high priests (Orc:2)
  12 death yaks
  A tengu warrior (D:15)
  Urug (Orc:1)
  An occultist (D:15)
  9 shock serpents
  13 deep elf knights
  10 naga sharpshooters
  Amaemon (Lair:3)
  4 skeletal warriors (D:14)
  2 spriggan druids (Lair:3)
  2 skysharks
  16 mana vipers
  9 naga ritualists
  7 deep elf archers (Elf:1)
  29 deep elf pyromancers
  A wolf spider zombie (D:15)
  A necromancer (D:15)
  6 orc knights (Orc:2)
  30 deep elf zephyrmancers
  2 lindwurms (Lair:5)
  6 orc sorcerers
  7 salamanders
  7 cyclopes
  8 ugly things
  Maurice (Orc:1)
  6 elephants
  3 meliai (D:15)
  A guardian serpent (Snake:2)
  43 black mambas
  A centaur zombie (D:15)
  2 kobold blastminers (Orc:2)
  3 molten gargoyles (Lair:5)
  An orange demon (Lair:3)
  9 naga magi
  11 cane toads
  A torpor snail (Lair:5)
  A centaur skeleton (D:15)
  A gargoyle (D:12)
  4 unseen horrors (D:10)
  4 rime drakes
  11 komodo dragons
  2 efreet
  2 tengu conjurers (D:15)
  A polar bear (Lair:1)
  5 trolls
  2 polar bears (shapeshifter)
  4 guardian mummies (D:13)
  A queen bee (shapeshifter) (D:15)
  Prince Ribbit (D:5)
  4 hornets
  A harpy skeleton (D:15)
  4 dream sheep (Lair:5)
  7 blink frogs
  11 slime creatures
  2 water elementals (Elf:2)
  5 wyverns
  29 yaks
  A vampire (D:13)
  3 wraiths
  4 basilisks
  3 hogs (D:13)
  7 fire elementals
  2 wargs (Orc:1)
  8 vampire mosquitoes
  30 nagas
  Grum (D:8)
  4 steam dragons
  Edmund (D:5)
  13 water moccasins
  Duvessa (D:5)
  4 hell hounds (Lair:5)
  An ice beast (D:6)
  20 orc warriors
  2 laughing skulls (D:14)
  2 sky beasts (D:6)
  6 black bears
  8 ogres
  3 wolves (D:8)
  10 centaurs
  2 phantoms
  7 kobold brigands
  Blork the orc (D:5)
  7 earth elementals
  4 gnoll sergeants
  12 bullfrogs
  A scorpion (D:6)
  5 wights
  3 necrophages (Lair:3)
  Dowan (D:5)
  10 killer bees
  An electric eel (Lair:2)
  8 howler monkeys
  3 hounds
  4 lava snakes (Lair:5)
  12 orc priests
  A jelly (D:5)
  A gnoll bouda (D:9)
  Crazy Yiuf (D:5)
  3 iguanas
  16 orc wizards
  4 hell rats (Lair:3)
  4 mummies (D:13)
  Robin (D:2)
  10 gnolls
  6 adders
  2 dart slugs
  4 ribbon worms
  56 orcs
  7 bats
  10 endoplasms
  2 giant cockroaches
  19 goblins
  7 hobgoblins
  36 kobolds
  6 quokkas
  7 ball pythons
  4 frilled lizards
  3 rats
875 creatures vanquished.

Vanquished Creatures (collateral kills)
  A naga sharpshooter (Snake:2)
  A guardian serpent (Snake:2)
2 creatures vanquished.

Vanquished Creatures (others)
  A water elemental (Elf:1)
  A hound (D:5)
2 creatures vanquished.

Grand Total: 879 creatures vanquished

Notes
Turn   | Place    | Note
-------+----------+-------------------------------------------
     0 | D:1      | Valrug the Demonspawn Alchemist began the quest for the
                  | Orb.
     0 | D:1      | Reached XP level 1. HP: 13/13 MP: 3/3
   256 | D:1      | Gained mutation: You regenerate magic rapidly. [demonic
                  | ancestry]
   256 | D:1      | Reached XP level 2. HP: 19/19 MP: 3/5
   559 | D:1      | Reached XP level 3. HP: 20/24 MP: 2/7
   849 | D:2      | Learned a level 2 spell: Mercury Vapours
   853 | D:2      | Learned a level 3 spell: Mephitic Cloud
   911 | D:2      | Noticed Robin
  1441 | D:2      | Killed Robin
  1608 | D:2      | Gained mutation: When hurt, damage is shared between your
                  | health and your magic reserves. [demonic ancestry]
  1608 | D:2      | Reached XP level 4. HP: 29/30 MP: 3/8
  2657 | D:3      | Gained mutation: When seriously injured, your blood forms
                  | armour. (AC +9) [demonic ancestry]
  2657 | D:3      | Reached XP level 5. HP: 29/35 MP: 3/10
  3264 | D:3      | Found a faded altar of an unknown god.
  3634 | D:4      | Learned a level 4 spell: Olgreb's Toxic Radiance
  3640 | D:4      | Noticed an ogre
  3647 | D:4      | Killed an ogre
  3648 | D:4      | Reached skill level 5 in Alchemy
  3648 | D:4      | Gained mutation: When seriously injured, your blood forms
                  | thick armour. (AC +9) [demonic ancestry]
  3648 | D:4      | Reached XP level 6. HP: 41/41 MP: 5/12
  3894 | D:4      | Found an iron altar of Okawaru.
  3922 | D:4      | Found a snail-covered altar of Cheibriados.
  4450 | D:5      | Entered Level 5 of the Dungeon
  4507 | D:5      | Found a runed translucent door.
  4508 | D:5      | Noticed Crazy Yiuf
  4693 | D:5      | Reached skill level 5 in Spellcasting
  4720 | D:5      | Noticed Duvessa
  4720 | D:5      | Noticed Dowan
  4847 | D:5      | Killed Duvessa
  4848 | D:5      | Reached XP level 7. HP: 46/46 MP: 8/14
  4850 | D:5      | Killed Dowan
  4987 | D:5      | Reached skill level 1 in Fighting
  5095 | D:5      | Noticed Blork the orc
  5100 | D:5      | Noticed Edmund
  5105 | D:5      | Killed Blork the orc
  5126 | D:5      | Killed Edmund
  5127 | D:5      | Gained mutation: You regenerate a little health from kills.
                  | [demonic ancestry]
  5127 | D:5      | Reached XP level 8. HP: 44/58 MP: 5/17
  5685 | D:5      | Found a bloodstained altar of Trog.
  5691 | D:5      | Noticed Prince Ribbit
  5701 | D:5      | Killed Prince Ribbit
  5798 | D:5      | Killed Crazy Yiuf
  5879 | D:6      | Learned a level 4 spell: Sticky Flame
  6010 | D:6      | Found a staircase to the Ecumenical Temple.
  6042 | D:6      | Gained mutation: You have sharp fingernails. [demonic
                  | ancestry]
  6042 | D:6      | Reached XP level 9. HP: 69/72 MP: 5/18
  6084 | D:6      | You fall into a shaft and drop 1 floor!
  6370 | D:7      | Found an ancient bone altar of Kikubaaqudgha.
  7590 | D:8      | Reached skill level 10 in Fighting
  7791 | D:8      | Noticed Grum
  7808 | D:8      | Killed Grum
  7873 | D:8      | Found a flagged portal.
  7893 | Bailey   | Entered a bailey
  8066 | Temple   | Entered the Ecumenical Temple
  8163 | D:8      | Reached XP level 10. HP: 76/85 MP: 13/21
  8693 | D:8      | Found a blossoming altar of Fedhas.
  8857 | D:8      | Found a hazy altar of Hepliaklqana.
  9255 | D:9      | Noticed an elephant
  9641 | D:9      | Found a radiant altar of Vehumet.
  9647 | D:9      | Noticed a two-headed ogre
  9673 | D:9      | Killed a two-headed ogre
  9878 | D:9      | Killed an elephant
  9879 | D:9      | Reached skill level 10 in Spellcasting
  9919 | D:9      | Found a staircase to the Lair.
  9945 | D:9      | Found a broken altar of Ashenzari.
 10699 | D:9      | Noticed Erica
 10705 | D:9      | Killed Erica
 10706 | D:9      | Reached XP level 11. HP: 58/90 MP: 9/26
 11379 | Temple   | Became a worshipper of Gozag Ym Sagoz the Greedy
 11456 | D:10     | Entered Level 10 of the Dungeon
 11460 | D:10     | Noticed Snorg
 11569 | D:10     | Noticed a two-headed ogre
 11586 | D:10     | Killed a two-headed ogre
 12219 | D:10     | Found Mague's Book Boutique.
 12282 | D:10     | Found Haufush's General Store.
 12297 | D:10     | Found Aschuosif's Distillery.
 12340 | D:10     | Found Raytu's Armour Shop.
 12368 | D:10     | Killed Snorg
 12479 | D:10     | Found Cutseluc's Jewellery Shoppe.
 12546 | D:10     | Identified the ring of Alac {rPois rC+ Str+3 SInv}
 12627 | D:10     | Found a staircase to the Orcish Mines.
 12789 | D:10     | Noticed a two-headed ogre
 12799 | D:10     | Killed a two-headed ogre
 12830 | D:10     | Noticed a centaur warrior
 12840 | D:10     | Killed a centaur warrior
 13047 | D:10     | Noticed a brown ugly thing
 13406 | D:10     | Killed a brown ugly thing
 14006 | D:10     | Bought a book of Geomancy for 450 gold pieces
 14009 | D:10     | Learned a level 1 spell: Sandblast
 14013 | D:10     | Learned a level 3 spell: Stone Arrow
 14045 | D:11     | Noticed a purple ugly thing
 14081 | D:11     | Noticed a two-headed ogre
 14087 | D:11     | Killed a two-headed ogre
 14087 | D:11     | Noticed a two-headed ogre
 14088 | D:11     | Reached skill level 1 in Earth Magic
 14093 | D:11     | Killed a two-headed ogre
 14276 | D:11     | Reached skill level 2 in Earth Magic
 14276 | D:11     | Reached XP level 12. HP: 97/97 MP: 11/30
 14496 | D:11     | Found Umoenelu's Antique Weapon Boutique.
 14563 | D:11     | Reached skill level 5 in Dodging
 14563 | D:11     | Reached skill level 3 in Earth Magic
 15346 | D:12     | Noticed a two-headed ogre
 15352 | D:12     | Killed a two-headed ogre
 15363 | D:11     | Reached skill level 4 in Earth Magic
 15595 | D:12     | Noticed Sonja
 15617 | D:12     | Banished Sonja
 15660 | Lair:1   | Entered Level 1 of the Lair of Beasts
 15728 | Lair:1   | Noticed a seven-headed hydra
 15762 | Lair:1   | Killed a seven-headed hydra
 15763 | Lair:1   | Reached skill level 1 in Fire Magic
 16486 | Lair:1   | Reached skill level 5 in Earth Magic
 17457 | Lair:2   | Reached skill level 6 in Earth Magic
 17860 | Lair:2   | Found a staircase to the Snake Pit.
 18545 | Lair:2   | Identified a scroll of acquirement
 18545 | Lair:2   | Acquired Sif Muna's Volume of Metal and the Tincture
 18555 | Lair:2   | Learned a level 6 spell: Bombard
 18565 | Lair:2   | Learned a level 9 spell: Shatter
 18641 | Lair:3   | Noticed an eight-headed hydra
 18655 | Lair:3   | Reached skill level 10 in Dodging
 18655 | Lair:3   | Reached XP level 13. HP: 70/103 MP: 2/31
 18875 | Lair:3   | Noticed Amaemon
 18889 | Lair:3   | Killed Amaemon
 18890 | Lair:3   | Reached skill level 7 in Earth Magic
 19522 | Lair:3   | Reached skill level 8 in Earth Magic
 20495 | Lair:3   | Reached skill level 9 in Earth Magic
 20634 | Lair:3   | Found a staircase to the Swamp.
 20757 | Lair:3   | Found a basalt altar of Yredelemnul.
 21541 | Lair:4   | Reached skill level 10 in Earth Magic
 22109 | Lair:4   | Reached skill level 11 in Earth Magic
 22708 | Lair:5   | Entered Level 5 of the Lair of Beasts
 22991 | Lair:5   | Found a staircase to the Slime Pits.
 23549 | Lair:5   | Reached skill level 12 in Earth Magic
 23564 | Lair:5   | Reached XP level 14. HP: 98/110 MP: 2/32
 24550 | Lair:5   | Reached skill level 13 in Earth Magic
 26300 | Lair:5   | Found a large runed translucent door.
 26426 | Lair:5   | Reached skill level 14 in Earth Magic
 26505 | Lair:5   | Found a large runed translucent door.
 26698 | Lair:5   | Identified the +4 quarterstaff "Huap" {freeze, Will++}
 27029 | Orc:1    | Entered Level 1 of the Orcish Mines
 27104 | Orc:1    | Noticed Maurice
 27302 | Orc:1    | Killed Maurice
 27444 | Orc:1    | Noticed Urug
 27455 | Orc:1    | Killed Urug
 27631 | Orc:2    | Entered Level 2 of the Orcish Mines
 29056 | Orc:2    | Found a staircase to the Elven Halls.
 30437 | Orc:2    | Found Ukhlumo's Antique Armour Boutique.
 30531 | Orc:2    | Found Fabeem's Assorted Antiques.
 30538 | Orc:2    | Found Yfriosoh's Distillery.
 30540 | Orc:2    | Found Wumeniut's Distillery.
 30546 | Orc:2    | Bought a potion of heal wounds for 60 gold pieces
 30546 | Orc:2    | Bought a potion of invisibility for 96 gold pieces
 30546 | Orc:2    | Bought a potion of enlightenment for 60 gold pieces
 30546 | Orc:2    | Bought a potion of cancellation for 96 gold pieces
 30546 | Orc:2    | Bought a potion of heal wounds for 60 gold pieces
 30546 | Orc:2    | Bought a potion of curing for 36 gold pieces
 30549 | Orc:2    | Bought a potion of lignification for 39 gold pieces
 30549 | Orc:2    | Bought a potion of lignification for 39 gold pieces
 30549 | Orc:2    | Bought a potion of brilliance for 52 gold pieces
 30549 | Orc:2    | Bought a potion of might for 52 gold pieces
 30549 | Orc:2    | Bought a potion of brilliance for 52 gold pieces
 30627 | Orc:2    | Bought a brightly glowing scimitar for 369 gold pieces
 30627 | Orc:2    | Identified the +6 scimitar "Koffuh" {heavy, rElec} (You
                  | bought it in a shop on level 2 of the Orcish Mines)
 31276 | D:12     | Reached skill level 15 in Spellcasting
 32115 | D:13     | Reached skill level 15 in Earth Magic
 32115 | D:13     | Reached XP level 15. HP: 94/115 MP: 18/34
 32518 | D:13     | Found a transporter.
 32519 | D:13     | Found a transporter.
 33435 | D:13     | Noticed Kirke
 33437 | D:13     | Noticed a sphinx
 33466 | D:13     | Killed Kirke
 33886 | D:13     | Bought a scarf of harm for 171 gold pieces
 35371 | D:14     | Found a gate to the Vaults.
 35371 | D:14     | Noticed Louise
 35424 | D:15     | Entered Level 15 of the Dungeon
 37291 | D:15     | Reached skill level 16 in Earth Magic
 38378 | D:15     | Found a staircase to the Depths.
 38691 | Snake:1  | Entered Level 1 of the Snake Pit
 38717 | Snake:1  | Learned a level 5 spell: Lee's Rapid Deconstruction
 38722 | Snake:1  | Learned a level 4 spell: Animate Armour
 41511 | Snake:1  | Gained mutation: You regenerate health from kills. [demonic
                  | ancestry]
 41511 | Snake:1  | Reached XP level 16. HP: 122/122 MP: 23/36
 42800 | Snake:2  | Reached skill level 17 in Earth Magic
 43044 | Snake:2  | Found Venix's Magic Scroll Boutique.
 43047 | Snake:2  | Bought a scroll of identify for 28 gold pieces
 43047 | Snake:2  | Bought a scroll of identify for 28 gold pieces
 43047 | Snake:2  | Bought a scroll of identify for 28 gold pieces
 43047 | Snake:2  | Bought a scroll of identify for 28 gold pieces
 43176 | Snake:2  | Identified the serpent talisman of Zegassoo {rElec rF+
                  | Str+2}
 43176 | Snake:2  | Noticed Aizul
 43197 | Snake:2  | Killed Aizul
 43459 | Snake:2  | Found Joodgha's Jewellery Emporium.
 43460 | Snake:2  | Found Cosauc's Book Boutique.
 43483 | Snake:2  | Found Qoilluush's Jewellery Emporium.
 43498 | Snake:2  | Bought a ring of wizardry for 450 gold pieces
 46347 | Snake:2  | Identified the +6 long sword of Ageddut {drain, ^Fragile
                  | rElec SInv Stlth+}
 46637 | Snake:2  | Reached skill level 18 in Earth Magic
 47051 | Snake:2  | Identified the ring of Qeumefiq {rPois rN+ MP+9}
 47244 | Snake:2  | Identified the amulet of Pyogog {Reflect Int+4 SH+5}
 47589 | Snake:3  | Noticed Vashnia
 49309 | Snake:3  | Found Effil's Armour Shoppe.
 49444 | Snake:3  | Reached skill level 19 in Earth Magic
 51820 | Snake:4  | Entered Level 4 of the Snake Pit
 51820 | Snake:4  | Found Bucsa's Assorted Antiques.
 51852 | Snake:4  | Found Seompi's Antique Armour Boutique.
 52592 | Snake:4  | Gained mutation: You have very sharp fingernails. [demonic
                  | ancestry]
 52592 | Snake:4  | Reached XP level 17. HP: 128/128 MP: 29/38
 53260 | Snake:4  | Found Cucucur's Weapon Emporium.
 53593 | Elf:1    | Entered Level 1 of the Elven Halls
 54075 | Snake:2  | Bought the amulet of the Four Winds {rN+ Will+++ Clar} for
                  | 910 gold pieces
 54075 | Snake:2  | Found the amulet of the Four Winds {rN+ Will+++ Clar}
 54860 | Elf:1    | Reached skill level 20 in Earth Magic
 55992 | Elf:1    | Found Xos Awof's CLEARANCE SALE!.
 56457 | Elf:2    | Reached skill level 21 in Earth Magic
 57053 | Elf:2    | Found a runed translucent gate.
 57053 | Elf:2    | Found a runed translucent gate.
 57054 | Elf:2    | Found a runed translucent gate.
 57867 | Elf:2    | Mangled by a +1 scimitar of holy wrath

Illustrated notes

Levels and vault maps discovered:
D:1:      onia_arrival_pyramid, layout_rooms, kennysheep_minor_cross,
          chequers_serial_rivers_micro_a
D:2:      layout_basic, uniq_robin
D:3:      layout_loops_ring, hellmonk_ecumenical_altar_prayer_group,
          cheibrodos_sewer_entry_bend, nicolae_underground_beach
D:4:      layout_loops_ring, mainiacjoe_overflow_large_starburst
D:5:      layout_cave_pods, trog_ov_bears_minmay, hangedman_decor_push,
          kennysheep_generic_room_2, uniq_blork_the_orc, uniq_duvessa,
          uniq_edmund, uniq_prince_ribbit1, uniq_crazy_yiuf_cottage
D:6:      layout_basic, temple_statues
D:7:      layout_gridville, lemuel_tele_altar
D:8:      layout_loops_ring, nicolae_hepliaklqana_hippocampus,
          fedhas_altar_decomposition, enter_bailey_5,
          kennysheep_generic_room_11, uniq_grum
D:9:      layout_layer_cave, mainiacjoe_overflow_surrounded_room,
          nicolae_vehumet_altar_sigil, grunt_lair_entry_orc_guard_hut,
          grunt_ministairs_3, st_stairs_6, uniq_erica
D:10:     minmay_clustersquares, layout_rooms,
          kennysheep_orc_monster_closet_entryway, serial_shops,
          nicolae_shop_statue_plus, shop, nicolae_shop_rolling_square,
          nicolae_shop_stone, shop, grunt_ministairs_13, uniq_snorg
D:11:     layout_cave_pools, serial_shops, shop
D:12:     layout_rooms, uniq_sonja
D:13:     gammafunk_boulding_lane, layout_stronghold, serial_glass,
          glass_columns_b, glass_columns_a, minmay_guarded_unrand_curses,
          uniq_kirke
D:14:     layout_loops_ring, hellmonk_vaults_attempted_burglary, uniq_louise
D:15:     grunt_enter_depths_magical_seal, layout_rooms, serial_park_paths
          [serial_park_minivault_5x5_3]
Temple:   nicolae_temple_great_sept
Lair:1:   layout_cave_pods, dreamdust_mushroom_princess, minmay_holes,
          grunt_megastairs_4
Lair:2:   layout_gridlike, guppyfry_snake_entry_garden,
          chequers_serial_rivers_room_b
Lair:3:   layout_roguey, mainiacjoe_swamp_entry_angry_trees, basic_altar,
          roderic_carrion_pond, uniq_amaemon
Lair:4:   layout_long_grid, gauntlet_entry_generic
Lair:5:   cheibrodos_lair_end_hotspot, layout_loops_ring, slime_entry_1
Snake:1:  layout_gridlike, grunt_megastairs_3, lemuel_fruit_tree
Snake:2:  layout_basic, serial_corexii_hall, corexii_hall_statues_t,
          chequers_hall_statues_corner_a, serial_shops, nicolae_shop_rolled_up,
          nicolae_snake_naga_rites, minmay_shop_grove, uniq_aizul
Snake:3:  layout_misc_corridors, serial_shops, shop, nicolae_snake_shapes,
          uniq_vashnia
Snake:4:  snake_pit, layout_cave_town, serial_shops,
          nicolae_shop_bloodbath_and_beyond, shop, shop, serial_bayou_pond_a,
          guppyfry_library_mini
Orc:1:    layout_caves, nicolae_orc_sculptors_studio, uniq_jorgrun, uniq_urug,
          uniq_maurice
Orc:2:    st_orc_elflike, layout_caves, nicolae_orc_beogh_chapel,
          nicolae_orc_bridge_out
Elf:1:    elf_arrival_002, layout_loops_cross,
          hangedman_elven_crosses_minicolossus, serial_sigils_hangedman_writhe,
          nicolae_shop_clearance
Elf:2:    elven_hall_of_blades_hangedman_original
          [nicolae_blade_entry_crossed_weapons], layout_gridlike,
          corexii_checkpoint, minmay_the_grid_square_5x5_3x3_mashed
          [minmay_the_grid_square_5x5_slash,
          minmay_the_grid_square_5x5_hollow_slash,
          minmay_the_grid_square_5x5_two_walls_b,
          minmay_the_grid_square_5x5_tetrominoes,
          minmay_the_grid_square_5x5_megaprize_hollow,
          minmay_the_grid_square_5x5_bridge, minmay_the_grid_square_5x5_longway,
          minmay_the_grid_square_5x5_pentomino_r,
          minmay_the_grid_square_5x5_fat_x]

Skill      XL: |  1  2  3  4  5  6  7  8  9 10 11 12 13 14 15 16 17 |
---------------+----------------------------------------------------+-----
Spellcasting   | 3 4 5 6 7 11 14 15 16 17 | 17.0
Alchemy        | 4 5 6 7 |  7.0
Fighting       | 3 7 10 | 10.0
Dodging        | 4 10 | 10.0
Earth Magic    | 2 6 12 15 16 19 21 | 21.6
Fire Magic     | 3 |  3.0
Stealth        | |  1.7
Conjurations   | |  1.0

Action                     |  1- 3 |  4- 6 |  7- 9 | 10-12 | 13-15 | 16-18 || total
---------------------------+-------+-------+-------+-------+-------+-------++-------
  Melee: Unarmed           |     5 |       |       |       |       |       ||     5
         Dagger            |    32 |       |       |       |       |       ||    32
         Punch             |     2 |       |     1 |       |     2 |       ||     5
         Club              |       |    12 |       |       |       |       ||    12
         Morningstar       |       |    21 |    84 |    95 |    17 |       ||   217
         Demon whip        |       |       |       |       |    79 |    11 ||    90
         Staff             |       |       |       |       |    14 |     2 ||    16
         Quarterstaff      |       |       |       |       |     5 |       ||     5
   Cast: Sting             |    70 |   136 |   163 |   202 |   134 |       ||   705
         Mercury Vapours   |     3 |    11 |    19 |    19 |     6 |       ||    58
         Mephitic Cloud    |     1 |     3 |    24 |    36 |    72 |       ||   136
         Olgreb's Toxic Ra |       |     2 |     9 |    25 |    48 |     1 ||    85
         Sticky Flame      |       |       |     5 |    69 |   110 |    33 ||   217
         Stone Arrow       |       |       |       |    71 |   528 |   161 ||   760
         Animate Armour    |       |       |       |       |    13 |     4 ||    17
         Sandblast         |       |       |       |       |    11 |    14 ||    25
         Bombard           |       |       |       |       |     6 |     1 ||     7
         Lee's Rapid Decon |       |       |       |       |     3 |   180 ||   183
         Shatter           |       |       |       |       |       |    58 ||    58
 Invoke: Call Merchant     |       |       |       |       |     3 |       ||     3
         Potion Petition   |       |       |       |       |     2 |     1 ||     3
  Evoke: Tin of tremorston |       |       |       |       |     2 |     3 ||     5
         Wand              |       |       |       |       |       |    14 ||    14
    Use: Scroll            |       |     4 |     2 |     6 |     9 |    15 ||    36
         Potion            |       |       |     4 |       |     4 |     7 ||    15
   Stab: Confused          |       |     1 |     2 |     1 |     1 |       ||     5
         Distracted        |       |       |       |       |       |     1 ||     1
 Armour: Robe              |    54 |    39 |   211 |   280 |   370 |   233 ||  1187
         Skin              |       |       |       |       |       |     2 ||     2
  Dodge: Dodged            |    37 |    45 |   164 |   188 |   396 |   158 ||   988
  Block: Other             |       |    10 |    42 |    60 |   103 |    22 ||   237
         Reflection        |       |       |     4 |     1 |     6 |     2 ||    13
